 Dungeon Crawl Stone Soup version 0.28.0-53-g5a82cb258f (webtiles) character file.

Game seed: 14636546618632880298

47 mortz the Conjurer (level 3, -2/19 HPs)
             Began as a Tengu Conjurer on June 12, 2022.
             Slain by a goblin
             ... wielding a +0 club
             ... led by Robin
              (5 damage)
             ... on level 3 of the Dungeon.
             The game lasted 00:05:14 (2178 turns).

mortz the Conjurer (Tengu Conjurer)                 Turns: 2178, Time: 00:05:15

Health: -2/19      AC:  2    Str:  7    XL:     3   Next: 70%
Magic:  1/7        EV: 12    Int: 20    God:
Gold:   113        SH:  0    Dex: 12    Spells: 3/6 levels left

rFire   . . .      SeeInvis .   i - +0 dagger {short}
rCold   . . .      Faith    .   (no shield)
rNeg    . . .      Spirit   .   a - +0 robe
rPois   .          Reflect  .   (helmet restricted)
rElec   .          Harm     .   (no cloak)
rCorr   .          Rampage  .   (no gloves)
Will    .....                   (boots unavailable)
Stlth   ++........              (no amulet)
HPRegen 0.06/turn               (no ring)
MPRegen 0.10/turn               (no ring)

@: no status effects
A: beak, talons 3
a: no special abilities


You were on level 3 of the Dungeon.
You visited 1 branch of the dungeon, and saw 3 of its levels.

You collected 113 gold pieces.


Innate Abilities, Weirdness & Mutations

You have a beak for a mouth.
You have claws for feet.


   Skills:
 + Level 2.3 Dodging
 + Level 2.1 Stealth
 + Level 2.3 Spellcasting
 + Level 6.6 Conjurations


You had 3 spell levels left.
You knew the following spells:

 Your Spells              Type           Power      Damage    Failure   Level
a - Magic Dart            Conj           100%       1d8       1%          1
b - Searing Ray           Conj           56%        2d6       1%          2

Your spell library contained the following spells:

 Spells                   Type           Power      Damage    Failure   Level
 Dazzling Flash           Conj/Hex       30%        N/A       12%         3
 Mephitic Cloud           Conj/Pois/Air  11%        N/A       19%         3
 Call Imp                 Summ           2%         N/A       24%         2
 Fulminant Prism          Conj/Hex       7%         3d7       36%         4
 Iskenderun's Mystic Bla  Conj/Tloc      15%        2d5       36%         4

Inventory:

Hand Weapons
 i - a +0 dagger (weapon) {short}
   (You took it off a goblin on level 1 of the Dungeon)
 r - a +0 mace {mace}
   (You took it off a goblin on level 2 of the Dungeon)
Missiles
 d - 29 stones {throwing}
Armour
 a - a +0 robe (worn)
 h - a +0 buckler
   (You found it on level 1 of the Dungeon)
Magical Staves
 e - a staff of earth {!astaff}
   (You found it on level 1 of the Dungeon)
Jewellery
 j - a ring of fire
   (You found it on level 1 of the Dungeon)
 m - a ring of flight
   (You found it on level 2 of the Dungeon)
Wands
 t - a wand of mindburst (7)
   (You found it on level 3 of the Dungeon)
Scrolls
 c - a scroll of immolation {unknown}
 f - a scroll of amnesia {unknown}
 n - a scroll of enchant weapon {unknown}
 o - a scroll of vulnerability {unknown}
 p - a scroll of teleportation {unknown}
Potions
 b - a potion of attraction {unknown}
 g - a potion of might {unknown}
 k - a potion of brilliance {unknown}
 l - a potion of mutation {unknown}
 q - a potion of degeneration {unknown}
 s - a potion of flight {unknown}

Dungeon Overview and Level Annotations

Branches:
Dungeon (3/15)

Altars:
Trog

Annotations:
D:3 Robin

######### #.......g
############.#######
#......>>...g#
#.##########.######
#.# ###.........##
#.# #...g.gg......
##.#####.#.##)..##.#.
#..g@g.g.#.##.#.# #
#..#######.##.#.#
#.......).....#.#
#<########.####.##.#.
#.### #.# ##.#.
#...######.# #. ....
###........# #.. ...
#.###########... ..
#.# #.......# #.


You could see Robin, a hobgoblin and a goblin (strong).


Message History

You hear a shout! x3
A goblin comes into view. It is wielding a +0 dagger. 😕 MP[-1]
You lost 1 mp, and now have 5/7 mp.
Aiming: Magic Dart (safe; 1% risk of failure)
Press: ? - help, Q - select action, (/) - cycle Shift-Dir - straight line, f - goblin
Aim: a goblin, wielding a +0 club (100% to hit)
The magic dart hits the goblin!
You kill the goblin!
The goblin shouts!
You hear a shout! 😕 MP[-1]
You lost 1 mp, and now have 4/7 mp.
Aiming: Magic Dart (safe; 1% risk of failure)
Press: ? - help, Q - select action, (/) - cycle Shift-Dir - straight line, f - goblin
Aim: a goblin, wielding a +0 dagger (100% to hit)
The magic dart hits the goblin.
You kill the goblin! 😕 MP[-1]
You lost 1 mp, and now have 3/7 mp.
A goblin comes into view.
It is wielding a +0 dagger. 😕 MP[+1] 😕 HP[+1]
Things that are here:
a +0 whip {mace}; a kobold corpse; 😕 MP[+1]
A goblin is nearby! 😕 MP[+1]
Aiming: Magic Dart (safe; 1% risk of failure)
Press: ? - help, Q - select action, (/) - cycle Shift-Dir - straight line, f - goblin
Aim: a goblin, wielding a +0 dagger (100% to hit)
The magic dart hits the goblin.
You kill the goblin! 😕 MP[-1]
You lost 1 mp, and now have 5/7 mp.
You start resting. 😕 HP[+1] MP[+2]
Your mp is fully restored (7).
You start resting. 😎 HP[+1]
Your hp is fully restored (19).
A hobgoblin comes into view.
The hobgoblin moves out of view.
A hobgoblin comes into view.
A goblin comes into view. It is wielding a +0 club.
Aiming: Magic Dart (safe; 1% risk of failure)
Press: ? - help, Q - select action, (/) - cycle Shift-Dir - straight line, f - hobgoblin
Aim: a hobgoblin (wandering, hasn't noticed you, 100% to hit)
The magic dart hits the hobgoblin.
You kill the hobgoblin!
The goblin shouts!
You hear a shout!
Robin of the Strong Arm comes into view.
They are wielding a +0 falchion.
A hobgoblin comes into view. 😎 MP[-1]
You lost 1 mp, and now have 6/7 mp.
Casting: Magic Dart (safe; 1% risk of failure)
Confirm with . or Enter, or press ? or * to list all spells.
Aiming: Searing Ray (safe; 1% risk of failure)
Press: ? - help, Shift-Dir - straight line, f - Robin
Aim: Robin, wielding a +0 falchion, wearing a +0 animal skin and wearing a +0 helmet (85% to hit)
The searing ray hits Robin. (Press . to maintain the ray.) 😎 MP[-2]
You lost 2 mp, and now have 4/7 mp.
The searing ray hits Robin.
Robin roars a battlecry!
You hear a shout! 😎 MP[-1]
You lost 1 mp, and now have 3/7 mp.
The searing ray hits Robin. 😎 MP[-1]
You lost 1 mp, and now have 2/7 mp.
The searing ray misses Robin.
The searing ray misses the goblin.
You finish channelling your searing ray.
Robin hits you with a +0 falchion. 😮 HP[-5] MP[-1]
You take 5 damage, and now have 14/19 hp.
MASSIVE DAMAGE!! (PAUSE)
You lost 1 mp, and now have 1/7 mp.
Casting: Searing Ray (safe; 1% risk of failure)
Confirm with . or Enter, or press ? or * to list all spells.
You don't have enough magic to cast this spell.
Aiming: Magic Dart (safe; 1% risk of failure)
Press: ? - help, Q - select action, (/) - cycle Shift-Dir - straight line, f/p - Robin
Aim: Robin, wielding a +0 falchion, wearing a +0 animal skin and wearing a +0 helmet (severely wounded, 100% to hit)
The magic dart hits Robin but does no damage.
Robin hits you with a +0 falchion.
A hobgoblin comes into view. 😮 HP[-4]
You take 4 damage, and now have 10/19 hp.
MASSIVE DAMAGE!! (PAUSE)
You hit Robin but do no damage. Robin throws the goblin at you!
* * * LOW HITPOINT WARNING * * *
The goblin barely misses you. 😨 HP[-1]
You take 1 damage, and now have 9/19 hp.
You barely miss Robin. Robin hits you with a +0 falchion.
* * * LOW HITPOINT WARNING * * *
The goblin hits you with a +0 club.
You die...

Skill      XL: |  1  2 |
---------------+-------+-----
Conjurations   | 6 |  6.6
Dodging        | |  2.3
Stealth        | |  2.1
Spellcasting   | |  2.3

Action                   || total
-------------------------++-------
Melee: Dagger            ||     2
 Cast: Magic Dart        ||    44
       Searing Ray       ||     9
Dodge: Dodged            ||     2

Levels and vault maps discovered:
D:1:      minmay_arrival_wavy_path, layout_loops_ring
D:2:      layout_basic, shapermc_ecumenical_altar_petra
D:3:      layout_loops_ring, mainiacjoe_overflow_chevrons,
          chequers_serial_rivers_marsh, minmay_misc_feat_encased, uniq_robin

Notes
Turn   | Place    | Note
-------+----------+-------------------------------------------
     0 | D:1      | mortz the Tengu Conjurer began the quest for the Orb.
     0 | D:1      | Reached XP level 1. HP: 10/10 MP: 4/4
     0 | D:1      | magus.rc [v1.9.6]
   271 | D:1      | Reached XP level 2. HP: 15/15 MP: 4/6
   274 | D:1      | Learned a level 2 spell: Searing Ray
   525 | D:1      | Reached skill level 6 in Conjurations
  1268 | D:2      | You pick up a book of Minor Magic and begin reading...
  1268 | D:2      | You add the spells Call Imp and Mephitic Cloud to your
                  | library.
  1498 | D:2      | Reached XP level 3. HP: 19/19 MP: 3/7
  1699 | D:2      | Found a faded altar of an unknown god.
  1959 | D:3      | Found a bloodstained altar of Trog.
  2167 | D:3      | Noticed Robin
  2178 | D:3      | HP: 3/19 [Robin/+0 falchion (6)]
  2178 | D:3      | Slain by a goblin

Vanquished Creatures
  An adder (D:3)
  A worm (D:2)
  A dart slug (D:2)
  2 bats
  2 endoplasms (D:1)
  2 giant cockroaches (D:1)
  2 hobgoblins
  5 kobolds
  2 ball pythons
  3 frilled lizards
  7 goblins
  4 rats (D:1)
32 creatures vanquished.

Table legend:
 A = Non-vault XP
 B = Vault XP
 C = Vault XP percentage of total XP
 D = Non-vault monster count
 E = Vault monster count
 F = Vault count percentage of total count
                 A         B        C        D         E       F
            +---------+---------+-------+---------+---------+-------
      Total |      59 |       9 |  13.2 |      27 |       5 |  15.6
            +---------+---------+-------+---------+---------+-------
        D:1 |      22 |       0 |   0.0 |      15 |       0 |   0.0
        D:2 |      17 |       0 |   0.0 |       7 |       0 |   0.0
        D:3 |      20 |       9 |  31.0 |       5 |       5 |  50.0
            +---------+---------+-------+---------+---------+-------

Illustrated notes

Table legend:
 A = Kills in this place as a percentage of kills in entire the game.
 B = Kills by you in this place as a percentage of kills by you in the entire game.
 C = Kills by friends in this place as a percentage of kills by friends in the entire game.
 D = Other kills in this place as a percentage of other kills in the entire game.
 E = Experience gained in this place as a percentage of experience gained in the entire game.
 F = Experience gained in this place divided by the number of levels of this place that you have seen.
                   A       B       C       D       E      F
               +-------+-------+-------+-------+-------+----------------------
         Total | 100.0 | 100.0 |   N/A |   N/A | 100.0 |  22.7
       Dungeon | 100.0 | 100.0 |   N/A |   N/A | 100.0 |  22.7
               +-------+-------+-------+-------+-------+----------------------

Table legend: (Time is in decaauts)
 A = Elapsed time spent in this place.
 B = Non-inter-level travel time spent in this place.
 C = Inter-level travel time spent in this place.
 D = Time resting spent in this place.
 E = Time spent auto-exploring this place.
 F = Levels seen in this place.
 G = Mean time per level.
                   A        B        C        D        E       F      G
               +--------+--------+--------+--------+--------+-----+--------+
         Total |   2177 |   2098 |     79 |    100 |   1783 |   3 |  725.7 |
       Dungeon |   2177 |   2098 |     79 |    100 |   1783 |   3 |  725.7 |
               +--------+--------+--------+--------+--------+-----+--------+

Top non-repeatable levels by time:
     D:1: 1037 daAuts
     D:2: 876 daAuts
     D:3: 263 daAuts
